Match 45577387
Unlisted

Match 45577387
End
250 Light Carrier
Selects Armored Support Battlegroup
Panzergrenadier Squad
Construct Light Support Kompanie
Combat Half-tracks
MG34 Team
Fire Support Elements
Advanced Field Repairs
Selects Superior Fire Drills
Vehicle Survival Package
Assault Grenadier Squad
Panzergrenadier Squad
Construct Panzerarmee Kommand
Emergency Repair Kits
Rapid Advance
Selects Salvage Kits
Selects Panzer Storm
Panzer III L Medium Tank
Panzer Storm
Panzer III L Medium Tank
Assault Grenadier Squad
Tungsten Core Ammunition
Armored Reserves
Assault Grenadier Squad
Advanced Optics
Selects Stuka Anti-tank Loiter
Assault Grenadier Squad
Veteran Squad Leaders
Tiger Heavy Tank
Panzer Storm
Haris
MZMZ
mover
Viperrexe
legion_66
[PD] PragerSchinken
DMTriBorn2Party
Nico-Nico-Nii~~
0
0

Comments sign in to comment!

No comments posted yet!